 Seeded DCSS version 0.31-a0-321-g19405a7a6a (webtiles) character file.

Game seed: 14215367866634240820 (custom seed)

232 innerfire43 the Trooper (level 5, -5/42 HPs)
             Began as a Demonspawn Monk on July 16, 2023.
             Slain by a black bear (6 damage)
             ... on level 4 of the Dungeon on July 17, 2023.
             The game lasted 00:03:30 (2776 turns).

innerfire43 the Trooper (Demonspawn Monk)           Turns: 2776, Time: 00:03:30

Health: -5/42      AC:  5    Str: 13    XL:     5   Next: 73%
Magic:  5/5        EV: 13    Int: 11    God:
Gold:   168        SH:  0    Dex: 16    Spells: 4/4 levels left

rFire   . . .        m - +0 war axe
rCold   . . .        d - orb {light}
rNeg    + . .        b - +0 robe
rPois   .            j - +2 helmet
rElec   .            (no cloak)
rCorr   .            (no gloves)
SInv    .            (no boots)
Will    .....        o - amulet of Uruusico {rN+ Regen+}
Stlth   +            (no ring)
HPRegen 1.07/turn    (no ring)
MPRegen 0.09/turn

%: no passive effects
@: glowing
A: demonic guardian 2
a: no special abilities


You were on level 4 of the Dungeon.
You visited 1 branch of the dungeon, and saw 4 of its levels.

You collected 168 gold pieces.

Inventory:

Hand Weapons
 a - a +0 hand axe
 m - a +0 war axe (weapon)
Missiles
 h - 5 silver javelins (quivered)
Armour
 b - a +0 robe (worn)
 d - an orb of light (worn)
 j - a +2 helmet (worn)
 q - a +0 pair of boots
Jewellery
 o - the amulet of Uruusico (around neck) {rN+ Regen+}
   (You acquired it on level 4 of the Dungeon)

   [amulet of regeneration]

   rN:        It protects you from negative energy.
   Regen:     It increases your rate of health regeneration.
Wands
 r - a wand of roots (6)
Scrolls
 e - a scroll of enchant weapon {unknown}
 f - a scroll of fog {unknown}
 i - a scroll of amnesia {unknown}
 k - 4 scrolls of enchant armour {unknown}
 l - a scroll of poison {unknown}
 p - a scroll of teleportation
Potions
 c - a potion of ambrosia
 g - a potion of curing {unknown}
 n - a potion of berserk rage {unknown}


   Skills:
 + Level 4.2 Fighting
 * Level 4.1 Axes
 + Level 1.2 Armour
 + Level 3.8 Dodging


You had 4 spell levels left.
You didn't know any spells.
Your spell library contained the following spells:

 Spells                   Type           Power      Damage    Failure   Level
 Apportation              Tloc           0%         N/A       34%         1
 Necrotise                Necr           0%         1d4       34%         1
 Sandblast                Erth           0%         2d4       34%         1
 Summon Small Mammal      Summ           0%         N/A       34%         1
 Passwall                 Tmut/Erth      0%         N/A       47%         2
 Gell's Gravitas          Tloc           0%         N/A       71%         3
 Stone Arrow              Conj/Erth      0%         3d7       71%         3
 Teleport Other           Tloc           0%         N/A       71%         3
 Dispersal                Tloc           0%         N/A       100%        6


Dungeon Overview and Level Annotations

Branches:
Dungeon (4/15)
 Temple: D:4-7

Altars:

Shops:
D:4 [


Innate Abilities, Weirdness & Mutations

A demonic guardian rushes to your aid.


Message History

The black bear misses you. The black bear claws you.
The black bear claws you but does no damage.
You slash the black bear!
The black bear is heavily wounded.
The black bear bites you but does no damage.
The black bear claws you. The black bear barely misses you.
You hit the black bear.
The black bear is severely wounded.
The black bear closely misses you. The black bear misses you.
The black bear claws you but does no damage.
The black bear closely misses you.
The black bear claws you but does no damage. x2
You hit the black bear but do no damage.
The black bear is severely wounded.
The black bear bites you. The black bear misses you.
The black bear claws you but does no damage.
You hit the black bear.
The black bear is severely wounded.
The black bear goes berserk!
You hit the black bear but do no damage.
The black bear is severely wounded.
The black bear bites you! The black bear barely misses you.
The black bear claws you.
The black bear bites you but does no damage.
The black bear closely misses you. The black bear claws you.
You hit the black bear but do no damage.
The black bear is severely wounded.
The black bear bites you. The black bear claws you.
The black bear barely misses you. The black bear bites you.
* * * LOW HITPOINT WARNING * * *
The black bear claws you but does no damage. x2
You slash the black bear!
The black bear is almost dead.
The black bear bites you!
* * * LOW HITPOINT WARNING * * *
A demonic guardian appears!
The black bear claws you.
* * * LOW HITPOINT WARNING * * *
The black bear barely misses you. The black bear completely misses you.
The black bear barely misses you. The black bear claws you.
You die...

# #. #.
##..######
#..4h@...#
#...####.#
#.. #.# #.
#.# # #.#
#.# ## ..
#.# #. ...
#.# #. #.#
###.#######


You could see a black bear (berserk, ally target) and a friendly rust devil
(summoned).

Vanquished Creatures
  An orc priest (D:3)
  Ijyb (D:4)
  Terence (D:3)
  4 gnolls (D:2)
  2 adders
  A worm (D:3)
  2 dart slugs
  3 orcs (D:3)
  7 ball pythons
  7 endoplasms
  3 giant cockroaches
  9 goblins
  5 hobgoblins
  6 jackals (D:1)
  5 kobolds
  5 quokkas
  5 bats
  5 frilled lizards
  4 rats
76 creatures vanquished.

Vanquished Creatures (collateral kills)
  A worm (D:2)
  An endoplasm (D:1)
  A kobold (D:4)
3 creatures vanquished.

Grand Total: 79 creatures vanquished

Notes
Turn   | Place    | Note
-------+----------+-------------------------------------------
     0 | D:1      | innerfire43 the Demonspawn Monk began the quest for the
                  | Orb.
     0 | D:1      | Reached XP level 1. HP: 18/18 MP: 1/1
   105 | D:1      | Gained mutation: A weak demonic guardian rushes to your
                  | aid. [demonic ancestry]
   105 | D:1      | Reached XP level 2. HP: 20/24 MP: 2/2
   486 | D:1      | Reached XP level 3. HP: 23/29 MP: 3/3
  1008 | D:2      | Upgraded the game from 0.31-a0-303-gdc8c9485ea to
                  | 0.31-a0-321-g19405a7a6a
  1126 | D:2      | Gained mutation: A demonic guardian rushes to your aid.
                  | [demonic ancestry]
  1126 | D:2      | Reached XP level 4. HP: 19/37 MP: 4/4
  1693 | D:3      | Reached XP level 5. HP: 20/42 MP: 5/5
  1894 | D:3      | Noticed Terence
  1904 | D:3      | Killed Terence
  1905 | D:3      | Reached skill level 1 in Armour
  2528 | D:4      | Identified a scroll of acquirement
  2528 | D:4      | Acquired the amulet of Uruusico {rN+ Regen+}
  2581 | D:4      | Found Junwutirr's Armour Shoppe.
  2653 | D:4      | Noticed Ijyb
  2681 | D:4      | Killed Ijyb
  2765 | D:4      | Noticed a black bear
  2776 | D:4      | HP: 1/42 [black bear (2)]
  2776 | D:4      | Slain by a black bear

Illustrated notes

Levels and vault maps discovered:
D:1:      dpeg_arrival_castle, layout_basic, serial_forest,
          infiniplex_forest_straight_2, infiniplex_forest_straight_3,
          infiniplex_forest_clump_double, infiniplex_forest_lined_1,
          infiniplex_forest_clump_small, infiniplex_forest_straight_2,
          infiniplex_forest_lined_3_way
D:2:      layout_rooms
D:3:      layout_basic, general_overflow_altar, uniq_terence
D:4:      minmay_chambers_of_fours, layout_loops_ring, gup_sewer_entry_pipe,
          serial_shops, shop, uniq_ijyb

Skill      XL: |  1  2  3  4  5 |
---------------+----------------+-----
Dodging        | 3 |  3.8
Axes           | 3 4 |  4.1
Fighting       | 4 |  4.2
Armour         | 1 |  1.2

Action                     |  1- 3 |  4- 6 || total
---------------------------+-------+-------++-------
  Melee: Hand axe          |    86 |    36 ||   122
         War axe           |       |    86 ||    86
  Throw: Javelin           |     4 |     4 ||     8
    Use: Scroll            |       |     3 ||     3
         Potion            |       |     1 ||     1
 Armour: Robe              |    15 |    40 ||    55
  Dodge: Dodged            |    84 |   100 ||   184

Table legend: (Time is in decaauts)
 A = Elapsed time spent in this place.
 B = Non-inter-level travel time spent in this place.
 C = Inter-level travel time spent in this place.
 D = Time resting spent in this place.
 E = Time spent auto-exploring this place.
 F = Levels seen in this place.
 G = Mean time per level.
                   A        B        C        D        E       F      G
               +--------+--------+--------+--------+--------+-----+--------+
         Total |   2826 |   2791 |     35 |      0 |   2303 |   4 |  706.5 |
       Dungeon |   2826 |   2791 |     35 |      0 |   2303 |   4 |  706.5 |
               +--------+--------+--------+--------+--------+-----+--------+

Top non-repeatable levels by time:
     D:1: 1022 daAuts
     D:3: 995 daAuts
     D:2: 547 daAuts
     D:4: 261 daAuts
